AoeStats
← Bane24

Black Forest

510184575Analyzed
2v2 RM · 4d ago on Sep 29, 2026· 37m 33s· 4 players
Game mode
Random Map
Map size
Medium (4 player)
Population
200
Speed
Normal
Resources
Standard
Victory
Conquest
Starting age
Dark Age
Ending age
Imperial Age
RankedLock teamsTeams togetherTeam positionsShared explorationLock speedFull tech treeHidden civsTurbo modeCheats
Victory
Defeat
🇲🇽 Bohemians · Mexico
781
+17
🇺🇸 Romans · United States
755
+18
🇨🇭 Bohemians · Switzerland
807
-18
🇮🇳 Mongols · India
787
-17
CALLATEprr@
1:13 Loom
12:14 Feudal Age
13:16 Double-Bit Axe
16:26 Wheelbarrow
15:56 Man-at-Arms
16:24 Arson
19:17 Castle Age
17:03 Man-at-Arms
19:50 Forging
20:20 Long Swordsman
21:03 Squires
21:26 Arson
23:52 Iron Casting
24:49 Bow Saw
24:23 Horse Collar
30:20 Scale Mail Armor
34:42 Chemistry
34:03 Ballistics
39:47 Imperial Age
37:27 Heavy Plow
37:53 Fervor
nathanst1996
0:30 Loom
13:26 Feudal Age
14:12 Double-Bit Axe
15:05 Wheelbarrow
23:38 Castle Age
23:05 Horse Collar
25:51 Heavy Plow
26:05 Bow Saw
31:29 Scale Barding Armor
31:37 Forging
33:25 Hand Cart
34:00 Gold Mining
34:00 Stone Mining
36:23 Iron Casting
36:09 Chain Barding Armor
35:49 Scale Mail Armor
BabaYaga0701356
11:25 Feudal Age
16:55 Castle Age
30:51 Crossbowman
Bane24
11:35 Feudal Age
18:03 Castle Age
16:21 Double-Bit Axe
17:45 Stone Mining
17:46 Gold Mining
21:19 Bow Saw
21:21 Horse Collar
23:33 Stone Shaft Mining
23:34 Gold Shaft Mining
25:56 Caravan
27:54 Heavy Plow
30:30 Nomads
30:34 Husbandry
30:45 Bloodlines
35:24 Light Cavalry
Connection lost

Rejoining the realm…

Still unreachable

The connection could not be restored.

Session expired

The server has moved on; the page needs a fresh start.